 Dungeon Crawl Stone Soup version 0.30-a0-187-gd9c2deaf24 (webtiles) character file.

Game seed: 5056130672499080233

11 lunkers the Chopper (level 1, 0/10 (17) HPs)
             Began as a Meteoran Reaver on Oct 4, 2022.
             Was a Follower of Ru.
             Slain by an adder (1 damage)
             ... on level 2 of the Dungeon.
             The game lasted 00:01:38 (443 turns).

lunkers the Chopper (Meteoran Reaver)                Turns: 443, Time: 00:01:38

HP:   0/10 (17)     AC:  3    Str: 13    XL:     1   Next: 58%
MP:   4/5           EV: 12    Int: 14    God:    Ru [*.....]
Gold: 43            SH:  0    Dex: 12    Spells: 2/5 levels left

rFire   . . .      SeeInvis .    a - +0 hand axe
rCold   . . .      Faith    +    (no shield)
rNeg    . . .      Spirit   .    b - +0 leather armour
rPois   .          Reflect  .    (no helmet)
rElec   .          Harm     .    (no cloak)
rCorr   .          Rampage  .    (no gloves)
Will    .....                    (no boots)
Stlth   +.........               e - amulet of faith
HPRegen 0.21/turn                (no ring)
MPRegen 0.09/turn                (no ring)

@: lethally poisoned (0 -> -7), glowing, very heavily drained
A: sense surroundings 1, inexperienced 1, otherworldly, glowing, explore regen
a: Renounce Religion


You were on level 2 of the Dungeon.
You worshipped Ru.
Ru was aware of your devotion.
You visited 1 branch of the dungeon, and saw 2 of its levels.

You collected 43 gold pieces.

Inventory:

Hand Weapons
 a - a +0 hand axe (weapon)
Armour
 b - a +0 leather armour (worn)
Jewellery
 e - an amulet of faith (around neck)
Scrolls
 c - 3 scrolls of butterflies {unknown}
Potions
 d - a potion of magic {unknown}


   Skills:
 - Level 2.1 Fighting
 * Level 4.5 Axes
 - Level 2.4 Dodging
 - Level 2.6 Spellcasting
 - Level 3.6 Conjurations


You had 2 spell levels left.
You knew the following spells:

 Your Spells              Type           Power      Damage    Failure   Level
b - Momentum Strike       Conj/Tloc      12%        3d8       21%         2
p - Kiss of Death         Conj/Necr      24%        2d7       14%         1

Your spell library contained the following spells:

 Spells                   Type           Power      Damage    Failure   Level
 Freeze                   Ice            4%         1d3       28%         1
 Hailstorm                Conj/Ice       6%         3d4       38%         3
 Gell's Gravitas          Tloc           1%         N/A       63%         3
 Teleport Other           Tloc           1%         N/A       63%         3
 Irradiate                Conj/Tmut      3%         3d12      98%         5
 Blade Hands              Tmut           0%         N/A       100%        5
 Dispersal                Tloc           0%         N/A       100%        6
 Dragon Form              Tmut           0%         N/A       100%        7


Dungeon Overview and Level Annotations

Branches:
Dungeon (2/15) Zot: 744

Altars:
Ru

Shops:
D:1 (


Innate Abilities, Weirdness & Mutations

You passively map a small area around you.
You are somewhat inexperienced. (-1 XL)
You are easily found by Zot.
You glow in the dark.
You regain HP and MP as you explore.


Message History

The kobold hits you with a +0 club.
* * * LOW HITPOINT WARNING * * *
You hit the kobold.
You kill the kobold!
Things that are here:
a +0 club; 4 stones; a kobold corpse You pick up a book of Transfigurations and begin reading...
You add the spells Irradiate, Blade Hands and Dragon Form to your library.
Things that are here:
a +0 club; 4 stones; a kobold corpse
There is a stone staircase leading up here.
HP restored.
An adder comes into view.
Found an inky potion.
The adder hisses angrily.
A giant cockroach comes into view.
You hit the adder but do no damage. The adder bites you.
You are poisoned.
The adder poisons you!
A kobold comes into view. It is wielding a +0 whip.
The kobold shouts!
You hit the adder.
The adder is moderately wounded.
You feel sick. The adder bites you.
* * * LOW HITPOINT WARNING * * *
You are more poisoned.
The adder poisons you! The adder bites you.
* * * LOW HITPOINT WARNING * * *
Casting: Kiss of Death (safe; 14% risk of failure)
Confirm with . or Enter, or press ? or * to list all spells.
Aiming: Kiss of Death (safe; 14% risk of failure)
Press: ? - help, Shift-Dir - straight line, f - adder
Aim: an adder (moderately wounded, 100% to hit)
The negative energy hits the adder.
The adder is drained!
The adder is severely wounded.
You feel drained.
* * * LOW HITPOINT WARNING * * *
You feel very sick. The adder bites you.
You die...

* * ,, ..# ,
*#.# ... ,... ,
, * ... ,.!. ,
, ...* #K# *,
#.#* #B# *, *
#.# #S# , ,
###.###.####@#
* *
.............#
#
###.##.####....
, ,*
#)#........#
#.#..####..#*
.######.#..# *
, ,......)..<.#
.######.##.# ,*
* * #.##.# *,


You could see an adder (very drained), a giant cockroach and a kobold.

Vanquished Creatures
  2 bats (D:1)
  An endoplasm (D:1)
  2 goblins
  3 ball pythons (D:1)
  A frilled lizard (D:1)
  2 kobolds
11 creatures vanquished.

Vanquished Creatures (others)
  A fungus (D:1)
  5 plants (D:1)
6 creatures vanquished.

Grand Total: 17 creatures vanquished

Notes
Turn   | Place    | Note
-------+----------+-------------------------------------------
     0 | D:1      | lunkers the Meteoran Reaver began the quest for the Orb.
     0 | D:1      | Reached XP level 1. HP: 17/17 MP: 5/5
   185 | D:1      | Found Xiunar's Weapon Boutique.
   207 | D:1      | Reached skill level 4 in Axes
   220 | D:1      | Reached XP level 2. HP: 15/24 MP: 6/6
   223 | D:1      | Learned a level 2 spell: Momentum Strike
   271 | D:1      | Found a faded altar of an unknown god.
   278 | D:1      | Got Plato's Lessons on Hypothermia
   279 | D:1      | Prayed at the altar of an unknown god.
   279 | D:1      | Became a worshipper of Ru the Awakened
   281 | D:1      | Gained mutation: You are somewhat inexperienced. (-1 XL)
                  | [Ru sacrifice]
   281 | D:1      | Reached XP level 1. HP: 17/17 MP: 5/5
   281 | D:1      | Reached * piety under Ru
   443 | D:2      | Slain by an adder

Illustrated notes

Levels and vault maps discovered:
D:1:      kilobyte_arrival_exit_the_forest, layout_loops_ring, serial_shops,
          nicolae_shop_waterfront, shapermc_ecumenical_altar_rom_forum,
          serial_forest, infiniplex_forest_end_3, infiniplex_forest_zigzag_2,
          infiniplex_forest_clump_small, infiniplex_forest_diagonal,
          infiniplex_forest_lined_corner, infiniplex_forest_lined_2,
          infiniplex_forest_clump_curved, corexii_corridor_pit,
          serial_bayou_lake_a
D:2:      layout_loops_ring, bh_walls_and_bars

Skill      XL: |  1 |
---------------+----+-----
Axes           | 4 |  4.5
Fighting       | |  2.1
Dodging        | |  2.4
Spellcasting   | |  2.6
Conjurations   | |  3.6

Action                   || total
-------------------------++-------
Melee: Hand axe          ||    29
       Punch             ||     1
 Cast: Kiss of Death     ||     2
Invok: Sacrifice Experie ||     1
Armor: Leather armour    ||     9
Dodge: Dodged            ||    14

Table legend: (Time is in decaauts)
 A = Elapsed time spent in this place.
 B = Non-inter-level travel time spent in this place.
 C = Inter-level travel time spent in this place.
 D = Time resting spent in this place.
 E = Time spent auto-exploring this place.
 F = Levels seen in this place.
 G = Mean time per level.
                   A        B        C        D        E       F      G
               +--------+--------+--------+--------+--------+-----+--------+
         Total |    454 |    454 |      0 |      0 |    328 |   2 |  227.0 |
       Dungeon |    454 |    454 |      0 |      0 |    328 |   2 |  227.0 |
               +--------+--------+--------+--------+--------+-----+--------+

Top non-repeatable levels by time:
     D:1: 428 daAuts
     D:2: 26 daAuts
